 Dungeon Crawl Stone Soup version 0.29-a0-330-g52719c12eb (webtiles) character file.

Game seed: 14915129479009105274

52 HoaS the Bolt Thrower (level 4, -2/26 HPs)
             Began as a Kobold Hunter on May 20, 2022.
             Killed by divine providence
             ... invoked by an orc priest
              (15 damage)
             ... on level 3 of the Dungeon.
             The game lasted 00:03:01 (1965 turns).

HoaS the Bolt Thrower (Kobold Hunter)               Turns: 1965, Time: 00:03:01

Health: -2/26      AC:  5    Str:  8    XL:     4   Next: 8%
Magic:  4/4        EV: 13    Int: 10    God:
Gold:   122        SH:  0    Dex: 20    Spells: 3/3 levels left

rFire   . . .      SeeInvis .   a - +1 hand crossbow
rCold   . . .      Faith    .   (no shield)
rNeg    . . .      Spirit   .   e - +0 ring mail
rPois   .          Reflect  .   (no helmet)
rElec   .          Harm     .   f - scarf {shadows}
rCorr   .          Rampage  .   (no gloves)
Will    .....                   (no boots)
Stlth   ++........              (no amulet)
HPRegen 0.08/turn               (no ring)
MPRegen 0.09/turn               (no ring)

@: no status effects
A: small, no large weapons, nightstalker 3
a: no special abilities


You were on level 3 of the Dungeon.
You visited 1 branch of the dungeon, and saw 4 of its levels.

You collected 122 gold pieces.

Inventory:

Hand Weapons
 a - a +1 hand crossbow (weapon)
Armour
 e - a +0 ring mail (worn)
 f - a scarf of shadows (worn)
Scrolls
 c - a scroll of immolation
Potions
 d - a potion of degeneration {unknown}
 g - a potion of curing {unknown}
 h - a potion of berserk rage {unknown}
 i - a potion of might {unknown}
 j - a potion of resistance {unknown}
 k - a potion of heal wounds {unknown}


   Skills:
 - Level 2.1 Fighting
 + Level 7.1 Crossbows
 - Level 2.4 Dodging
 - Level 1.3 Stealth


You had 3 spell levels left.
You didn't know any spells.
Your spell library was empty.

Dungeon Overview and Level Annotations

Branches:
Dungeon (4/15)
 Temple: D:4-7

Altars:


Innate Abilities, Weirdness & Mutations

You are small and have problems with some larger weapons.
You are completely attuned to the shadows.


Message History

Aim: a kobold, wielding a +0 short sword and quivering stones (wandering, hasn't noticed you, 62% to hit)
You shoot a bolt. The kobold shouts!
The bolt hits the kobold.
You kill the kobold!
You start resting.
HP restored.
You see here a +0 hand axe.
You now have 122 gold pieces (gained 19).
Things that are here:
a +0 short sword; 5 stones
There is a stone staircase leading up, spattered with blood here.
You climb upwards.
There is a stone staircase leading down, spattered with blood here.
Found an escape hatch in the floor.
There is a stone staircase leading up here.
Found 26 stones.
An orc priest is nearby!
You shoot a bolt. The bolt hits the orc priest.
The orc priest is lightly wounded.
You shoot a bolt. The bolt closely misses the orc priest.
You shoot a bolt.
The bolt hits the orc priest but does no damage.
The orc priest is lightly wounded.
The orc priest invokes the aid of Beogh against you.
Beogh smites you!
Ouch! That really hurt!
The orc priest completely misses you.
You are too injured to fight recklessly!
Sorry, you're not good enough to have a special ability.
Unknown command.
Shoot: a) +1 hand crossbow
Press: ? - help, Q - select action Shift-Dir - straight line, f/p - orc priest
Aim: an orc priest, wielding a +0 short sword (lightly wounded, 68% to hit)
You shoot a bolt. The bolt hits the orc priest!
The orc priest is severely wounded.
The orc priest invokes the aid of Beogh against you.
Beogh smites you!
Ouch! That really hurt!
You die...

..§≈≈≈§≈....
#............
#..........##
#....#..#..#
#....#>....#
#.###..#.....#
#(# #[.#.....
#.# #..#....
###@###.<#...>
....o........#
###.###..#.#..
#......#....
######.####


You could see an orc priest.

Vanquished Creatures
  An adder (D:2)
  3 dart slugs
  2 orcs (D:4)
  5 ball pythons
  An endoplasm (D:1)
  3 giant cockroaches (D:2)
  4 goblins
  3 hobgoblins
  2 quokkas
  A bat (D:1)
  4 frilled lizards
  2 kobolds
  5 rats
36 creatures vanquished.

Notes
Turn   | Place    | Note
-------+----------+-------------------------------------------
     0 | D:1      | HoaS the Kobold Hunter began the quest for the Orb.
     0 | D:1      | Reached XP level 1. HP: 12/12 MP: 1/1
   160 | D:1      | Reached XP level 2. HP: 17/17 MP: 2/2
   277 | D:1      | Reached skill level 6 in Crossbows
   763 | D:2      | Found a faded altar of an unknown god.
   968 | D:2      | Reached XP level 3. HP: 20/21 MP: 3/3
  1496 | D:2      | Reached skill level 7 in Crossbows
  1644 | D:4      | Reached XP level 4. HP: 3/26 MP: 4/4
  1965 | D:3      | Killed from afar by an orc priest

Illustrated notes

Levels and vault maps discovered:
D:1:      noname_arrival_rooms_in_the_neighbourhood, layout_basic
D:2:      layout_basic, basic_ecumenical_altar
D:3:      minmay_door_path, layout_basic, mainiacjoe_overflow_small_starburst,
          general_overflow_altar, uniq_robin
D:4:      layout_basic, serial_glass, glass_columns_c, glass_columns_a,
          lemuel_old_faithful

Skill      XL: |  1  2  3 |
---------------+----------+-----
Crossbows      | 6 7 |  7.1
Fighting       | |  2.1
Dodging        | |  2.4
Stealth        | |  1.3

Action                   |  1- 3 |  4- 6 || total
-------------------------+-------+-------++-------
 Fire: Hand crossbow     |    69 |     8 ||    77
  Use: Scroll            |     3 |       ||     3
Armor: Leather armour    |     3 |       ||     3
       Ring mail         |     2 |       ||     2
Dodge: Dodged            |    21 |     4 ||    25

Table legend: (Time is in decaauts)
 A = Elapsed time spent in this place.
 B = Non-inter-level travel time spent in this place.
 C = Inter-level travel time spent in this place.
 D = Time resting spent in this place.
 E = Time spent auto-exploring this place.
 F = Levels seen in this place.
 G = Mean time per level.
                   A        B        C        D        E       F      G
               +--------+--------+--------+--------+--------+-----+--------+
         Total |   1984 |   1931 |     53 |    386 |   1323 |   4 |  496.0 |
       Dungeon |   1984 |   1931 |     53 |    386 |   1323 |   4 |  496.0 |
               +--------+--------+--------+--------+--------+-----+--------+

Top non-repeatable levels by time:
     D:2: 875 daAuts
     D:1: 742 daAuts
     D:4: 311 daAuts
     D:3: 55 daAuts
